 Dungeon Crawl Stone Soup version 0.27-a0-96-gb51a1d6fd6 (webtiles) character file.

Game seed: 13098381878894979708

172 timneilson the Covered (level 5, 0/33 HPs)
             Began as a Gargoyle Fighter on Jan 20, 2021.
             Slain by an orc priest
             ... wielding a +0 flail
              (8 damage)
             ... on level 3 of the Dungeon.
             The game lasted 00:02:42 (1795 turns).

timneilson the Covered (Gargoyle Fighter)           Turns: 1795, Time: 00:02:43

Health: 0/33       AC: 12    Str: 20    XL:     5   Next: 52%
Magic:  5/5        EV:  7    Int:  9    God:
Gold:   140        SH: 10    Dex:  9    Spells: 4/4 levels left

rFire    . . .     SeeInvis .   a - +0 long sword
rCold    . . .     Faith    .   c - +1 kite shield
rNeg     + . .     Spirit   .   b - +0 scale mail
rPois    ∞         Reflect  .   (no helmet)
rElec    +         Harm     .   j - +0 cloak
rCorr    .         Rampage  .   (no gloves)
Will     .....                  (no boots)
Stlth    ..........             h - amulet of regeneration
HPRegen  0.51/turn              (no ring)
MPRegen  0.09/turn              (no ring)

@: no status effects
A: negative energy resistance 1, electricity resistance, unbreathing,
petrification resistance, miasma immunity, AC +4
a: no special abilities


You were on level 3 of the Dungeon.
You visited 1 branch of the dungeon, and saw 3 of its levels.

You collected 140 gold pieces.

Inventory:

Hand Weapons
 a - a +0 long sword (weapon)
Armour
 b - a +0 scale mail (worn)
 c - a +1 kite shield (worn)
 j - a +0 cloak (worn)
Jewellery
 h - an amulet of regeneration (around neck)
Wands
 g - a wand of iceblast (10)
Scrolls
 i - a scroll of enchant weapon {unknown}
 k - a scroll of remove curse
 n - 3 scrolls of teleportation {unknown}
 p - a scroll of amnesia {unknown}
Potions
 e - a potion of magic
 f - a potion of curing {unknown}
 l - a potion of invisibility {unknown}
 o - a potion of brilliance {unknown}


   Skills:
 + Level 3.7 Fighting
 * Level 3.0 Long Blades
 * Level 4.5 Armour
 * Level 4.3 Shields
 + Level 0.9 Evocations


You had 4 spell levels left.
You didn't know any spells.
Your spell library was empty.

Dungeon Overview and Level Annotations

Branches:
Dungeon (3/15)

Altars:


Innate Abilities, Weirdness & Mutations

You are resistant to torment.
Your stone body is resilient. (AC +4)
You are immune to poison.
You resist negative energy. (rN+)
You are resistant to electric shocks. (rElec)
You can survive without breathing.
You are immune to petrification.
You are immune to miasma.


Message History

You hit the orc priest but do no damage.
The orc priest is severely wounded.
You block the orc priest's attack.
You barely miss the orc priest.
The orc priest is severely wounded.
The orc priest hits you with a +0 flail.
Your shield prevents you from hitting the orc priest.
The orc priest is severely wounded.
The orc priest hits you but does no damage.
You hit the orc priest but do no damage.
The orc priest is severely wounded.
The orc priest invokes the aid of Beogh against you.
Beogh smites you!
Ouch! That really hurt!
* * * LOW HITPOINT WARNING * * *
You block the orc priest's attack.
You barely miss the orc priest.
The orc priest is severely wounded.
The orc priest hits you with a +0 flail!
You die...

#. #. #. #
###. #.##...
#...>.. #
#......#####.#
......Zo@....#
##....Z#####.#
#..... #
###.## ... ...
.##


You could see an orc priest, a giant cockroach zombie and an adder skeleton.

Vanquished Creatures
  2 orc priests (D:3)
  4 adders
  An ooze (D:1)
  4 dart slugs
  An orc (D:3)
  3 giant cockroaches
  6 goblins
  12 hobgoblins
  6 jackals
  10 kobolds
  A quokka (D:2)
  A ball python (D:2)
  4 bats
  A frilled lizard (D:2)
  4 rats
60 creatures vanquished.

Vanquished Creatures (others)
  A withered plant (D:3)
1 creature vanquished.

Grand Total: 61 creatures vanquished

Notes
Turn   | Place    | Note
-------+----------+-------------------------------------------
     0 | D:1      | timneilson the Gargoyle Fighter began the quest for the
                  | Orb.
     0 | D:1      | Reached XP level 1. HP: 14/14 MP: 1/1
    99 | D:1      | Reached XP level 2. HP: 17/19 MP: 2/2
   279 | D:1      | Reached XP level 3. HP: 23/23 MP: 3/3
  1035 | D:2      | Reached XP level 4. HP: 28/28 MP: 4/4
  1744 | D:3      | HP: 1/28 [orc priest/divine providence (13)]
  1748 | D:3      | Reached XP level 5. HP: 27/32 MP: 5/5
  1795 | D:3      | Slain by an orc priest

Illustrated notes

Levels and vault maps discovered:
D:1:      elethiomel_arrival_shortcut, layout_loops_ring,
          hangedman_abyss_or_decor_stabs
D:2:      layout_basic
D:3:      layout_loops_ring, serial_undead, serial_undead_c, serial_undead_b,
          serial_undead_c, serial_undead_d, kennysheep_generic_room_14

Skill      XL: |  1  2  3  4  5 |
---------------+----------------+-----
Long Blades    | 2 3 |  3.0
Armour         | 4 |  4.5
Shields        | 4 |  4.3
Fighting       | |  3.7
Evocations     | |  0.9

Action                   |  1- 3 |  4- 6 || total
-------------------------+-------+-------++-------
Melee: Long sword        |   104 |    94 ||   198
  Use: Scroll            |     6 |       ||     6
       Potion            |       |     3 ||     3
Armor: Scale mail        |    52 |    50 ||   102
Dodge: Dodged            |    45 |    28 ||    73
Block: Kite shield       |    85 |    58 ||   143
       Rpst.: Long sword |    12 |     9 ||    21

Table legend: (Time is in decaauts)
 A = Elapsed time spent in this place.
 B = Non-inter-level travel time spent in this place.
 C = Inter-level travel time spent in this place.
 D = Time resting spent in this place.
 E = Time spent auto-exploring this place.
 F = Levels seen in this place.
 G = Mean time per level.
                   A        B        C        D        E       F      G
               +--------+--------+--------+--------+--------+-----+--------+
         Total |   1864 |   1758 |    106 |      0 |   1325 |   3 |  621.3 |
       Dungeon |   1864 |   1758 |    106 |      0 |   1325 |   3 |  621.3 |
               +--------+--------+--------+--------+--------+-----+--------+

Top non-repeatable levels by time:
     D:1: 926 daAuts
     D:2: 859 daAuts
     D:3: 78 daAuts
